 Dungeon Crawl Stone Soup version 0.19.5 (webtiles) character file.

1712606 GordonOverkill the Minotaur Barricade (level 26, 228/239 HPs)
             Began as a Minotaur Summoner on May 26, 2017.
             Was the Champion of Trog.
             Escaped with the Orb
             ... and 3 runes!
             The game lasted 02:01:12 (65149 turns).

GordonOverkill the Minotaur Barricade (MiSu)       Turns: 65149, Time: 02:01:12

Health: 228/239    AC: 40    Str: 24    XL:     26   Next: 16%
Magic:  24/24      EV: 18    Int: 12    God:    Trog [******]
Gold:   1972       SH: 29    Dex: 21    Spells: 0 memorised, 27 levels left

rFire  + + +     SeeInvis .     a - +9 broad axe (chop)
rCold  + + .     Gourm    .     e - +7 gold dragon scales
rNeg   . . .     Faith    .     X - +2 large shield
rPois  +         Spirit   .     Z - +1 hat
rElec  +         Reflect  .     y - +2 cloak {rF+}
rCorr  .         Harm     .     Y - +1 pair of gloves "Xelyrhe" {rF+ MR++}
MR     +++..                    l - +2 pair of boots
Stlth  ..........               o - amulet of Gitsaotu {RegenMP rF+ Dex+5}
                                I - ring of the Tormentor {rElec EV+3 Dex+4 Stlth+}
                                x - +4 ring of slaying

@: no status effects
A: retaliatory headbutt, horns 2, cold resistance 1, frail 1
a: Berserk, Trog's Hand, Brothers in Arms, Burn Spellbooks, Renounce Religion
0: Orb of Zot
}: 3/15 runes: decaying, serpentine, silver


You escaped.
You worshipped Trog.
Trog was exalted by your worship.
You were hungry.

You visited 8 branches of the dungeon, and saw 46 of its levels.
You visited 1 bazaar.
You also visited: Labyrinth and Volcano.

You collected 5246 gold pieces.
You spent 3274 gold pieces at shops.

Inventory:

Hand Weapons
 a - a +9 broad axe of chopping (weapon)
 b - a +2 war axe of flaming
 B - a +9 vampiric broad axe
 Q - a +4 broad axe of electrocution
Missiles
 N - 7 throwing nets (quivered)
Armour
 e - +7 gold dragon scales (worn)
 l - a +2 pair of boots (worn)
 y - a +2 cloak of fire resistance (worn)
 X - a +2 large shield (worn)
 Y - the +1 pair of gloves "Xelyrhe" (worn) {rF+ MR++}
   (You found it on level 2 of the Vaults)

   It protects you from fire.
   It affects your resistance to hostile enchantments.
 Z - a +1 hat (worn)
Jewellery
 g - an uncursed ring of see invisible
 o - the amulet of Gitsaotu (around neck) {RegenMP rF+ Dex+5}
   (You took it off a vampire mage on level 5 of the Depths)

   [amulet of magic regeneration]

   It increases your magic regeneration.
   It affects your dexterity (+5).
   It protects you from fire.
 q - a +6 amulet of reflection
 x - a +4 ring of slaying (left hand)
 I - the ring of the Tormentor (right hand) {rElec EV+3 Dex+4 Stlth+}
   (You found it on level 3 of the Lair of Beasts)

   [ring of evasion]

   It affects your evasion (+3).
   It affects your dexterity (+4).
   It insulates you from electricity.
   It makes you more stealthy.
 S - an uncursed ring of resist corrosion
 V - an uncursed ring of poison resistance
Wands
 f - a wand of digging (2/24)
 w - a wand of disintegration (4/24)
 z - a wand of acid (0/15)
 K - a wand of heal wounds (5/9)
 M - a wand of confusion (46/48)
 P - a wand of paralysis (12/24)
Scrolls
 d - 22 scrolls of remove curse
 h - a scroll of enchant weapon
 j - 3 scrolls of blinking
 v - 4 scrolls of fog
 A - 7 scrolls of vulnerability
 C - 7 scrolls of recharging
 E - a scroll of magic mapping
 F - 8 scrolls of identify
 G - 13 scrolls of fear
 J - a scroll of silence
 O - 15 scrolls of teleportation
Potions
 k - 9 potions of lignification
 p - 5 potions of agility
 r - 4 potions of flight
 s - 4 potions of resistance
 t - 10 potions of curing
 u - 2 potions of mutation
 H - 6 potions of might
 L - 5 potions of cancellation
 R - 5 potions of cure mutation
 T - 4 potions of haste
Comestibles
 c - 24 bread rations
 i - a chunk of flesh
 m - 4 meat rations
 U - 27 fruits


   Skills:
 O Level 27 Fighting
 - Level 26.0 Axes
 + Level 18.7 Armour
 - Level 16.0 Dodging
 - Level 1.5 Stealth
 O Level 27 Shields
 - Level 1.3 Spellcasting
   Level 2.9 Summonings


You had 27 spell levels left.
You didn't know any spells.

Dungeon Overview and Level Annotations

Branches:
Dungeon (15/15)            Temple (0/1) D:5            Lair (6/6) D:9
  Swamp (4/4) Lair:2        Snake (4/4) Lair:2        Slime (0/5) Lair:6
    Orc (2/2) D:12            Elf (0/3) Orc:2        Vaults (5/5) D:14
  Crypt (0/3) Vaults:2     Depths (5/5) D:15            Zot (5/5) Depths:5

Altars:
Elyvilon
Kikubaaqudgha
Qazlal
Sif Muna
Trog
Uskayaw
Yredelemnul
Beogh
Jiyva

Shops:
D:4 (   D:8 }   D:13 *   D:15 *   Orc:2 %?*(=?[   Snake:4 !   Vaults:2 ?
Vaults:5 (

Portals:
Hell: Depths:1 Depths:2 Depths:3 Depths:4 Depths:5
Abyss: Depths:1 Depths:4
Pandemonium: Depths:3 Depths:4
Ziggurat: Depths:1

Annotations:
Zot:5 exclusion: upstairs


Innate Abilities, Weirdness & Mutations

You reflexively headbutt those who attack you in melee.
You have a pair of horns on your head.
Your flesh is cold resistant. (rC+)
You are frail. (-10% HP)


Message History

(P) Snake Pit (M) Slime Pits (O) Orcish Mines (E) Elven Halls (V) Vaults (C) Crypt (U) Depths (H) Hell (Z) Zot
Where to? (Enter - D:1 @ (x,y), ? - help)
A soul eater is nearby!
The soul eater draws from the surrounding life force!
The soul eater hits you but does no damage.
You slash the soul eater!
The soul eater is moderately wounded.
You are feeling hungry.
You block the soul eater's attack.
You slash the soul eater! Your headbutt misses the soul eater.
The soul eater is heavily wounded.
You block the soul eater's attack.
You carve the soul eater like a ham!!!
You kill the soul eater!
No target in view!
No target in view!
There is a staircase leading out of the dungeon here.
You have escaped!

# #...######.#...# #.#..'.
#...#......#.8.# ###'#+##.
#...#.######...# #........
#...#.# #.>.# #........ #...#.#
#...# #........
####...#.######.8.#######........
.........#.............##........
##########.............##........
.# #......@......##........ .#
#.............########## .#
#.............# .#
############### .# .#######
.......# .#####.# .# #.#


There were no monsters in sight!

Vanquished Creatures
  A pandemonium lord (D:8)
  5 orbs of fire
  An ancient lich (Vaults:5)
  Sojobo (Depths:1)
  2 curse toes
  Frederick (Vaults:3)
  Vashnia (Snake:4)
  7 Killer Klowns (Zot:5)
  4 golden dragons
  A profane servitor (Depths:1)
  A bone dragon (Depths:5)
  the Enchantress (Depths:1)
  2 liches
  3 electric golems (Zot:5)
  7 tentacled monstrosities
  A Hell Sentinel (D:11)
  23 Orb Guardians
  8 titans
  2 quicksilver dragons
  2 death cobs (Zot:5)
  An Executioner (Depths:4)
  An acid blob (shapeshifter) (Depths:2)
  4 sphinxes
  The ghost of nano the Sorcerer, an adept SpEn of Dithmenos (Vaults:3)
  4 thorn hunters
  6 shadow dragons
  7 tengu reavers
  9 storm dragons
  10 nagarajas
  Roxanne (Swamp:1)
  15 fire giants
  2 draconian monks (Zot:5)
  An orc warlord (Orc:2)
  A frost giant (shapeshifter) (Depths:2)
  An iron dragon (shapeshifter) (Depths:2)
  A deep elf sorcerer (Vaults:5)
  Aizul (Snake:2)
  A draconian scorcher (Depths:5)
  8 frost giants
  Louise (D:15)
  3 draconian knights
  A draconian annihilator (Depths:2)
  12 vault wardens
  2 iron dragons
  6 spriggan defenders
  4 war gargoyles
  17 ironheart preservers
  23 stone giants
  37 very ugly things
  A vampire knight (Depths:4)
  2 green draconians
  An entropy weaver (Vaults:4)
  4 lorocyprocas
  Azrael (Snake:3)
  A black draconian (Depths:5)
  6 deep elf demonologists
  A dire elephant (shapeshifter) (Depths:2)
  4 mottled draconians
  2 purple draconians
  7 red draconians
  3 yellow draconians
  2 spark wasps (Depths:2)
  The ghost of Chifra the Protected, a journeyman MiFi of the Shining One (Orc:1)
  2 deep elf death magi
  2 deep elf annihilators
  2 pearl dragon zombies (Depths:1)
  A merfolk impaler (Depths:3)
  A blizzard demon (Zot:2)
  A minotaur (Lab)
  2 crystal guardians
  4 deep elf high priests
  12 ettins
  9 fire dragons
  14 yaktaur captains
  A mummy priest (Depths:5)
  9 great orbs of eyes
  3 small abominations (Vaults:5)
  11 ice dragons
  21 naga warriors
  38 vault guards
  2 juggernaut simulacra (Depths:2)
  Harold (D:10)
  9 rakshasas
  20 hydras
  6 spriggan air magi
  The ghost of CALLOUS the Transmogrifier, a journeyman OpTm of Elyvilon (Lair:3)
  15 alligators
  2 death knights
  A ghost crab (Swamp:4)
  12 centaur warriors
  12 ogre magi
  A catoblepas (Lair:6)
  14 anacondas
  13 death yaks
  A tengu warrior (Depths:1)
  3 hell hogs (Depths:1)
  A death yak (shapeshifter) (Depths:2)
  6 deep troll shamans
  8 orc high priests
  2 vampire magi
  10 deep troll earth magi
  4 dancing weapons (Depths:2)
  6 shock serpents
  18 naga sharpshooters
  A large abomination (Vaults:4)
  Urug (D:11)
  2 sun demons
  8 spriggan berserkers
  2 soul eaters
  4 deep elf knights
  13 spriggans
  A shadow wraith (Vaults:4)
  18 hell knights
  6 salamander mystics
  2 skeletal warriors (Volcano)
  A fire crab (Swamp:4)
  A fire crab (shapeshifter) (Depths:1)
  A glowing orange brain (Depths:3)
  5 iron trolls
  25 deep trolls
  2 unseen horrors
  A shambling mangrove (Swamp:1)
  3 wizards
  5 spriggan druids
  11 naga ritualists
  8 hill giants
  2 flayed ghosts (Vaults:5)
  A cherub (D:15)
  A swamp dragon (shapeshifter) (Vaults:2)
  6 deep elf archers
  18 ironbrand convokers
  6 swamp dragons
  3 lindwurms
  4 necromancers (Depths:5)
  5 harpies (Vaults:2)
  3 phantasmal warriors (Vaults:5)
  14 orc knights
  A manticore (D:11)
  10 mana vipers
  6 cyclopes
  2 salamanders (shapeshifter)
  20 deep elf magi
  3 wolf spiders
  58 ugly things
  12 moths of wrath
  A cyclops (shapeshifter) (D:14)
  19 salamanders
  2 oklob plants
  An elephant (shapeshifter) (Depths:2)
  4 apis skeletons (Depths:1)
  10 elephants
  An eye of devastation (shapeshifter) (Depths:2)
  A rust devil (Depths:4)
  16 vault sentinels
  19 naga magi
  6 smoke demons
  A torpor snail (Lair:5)
  45 black mambas
  10 guardian serpents
  20 spiny frogs
  4 gargoyles
  5 centaur skeletons
  2 rime drakes
  A hellion (Depths:4)
  8 komodo dragons
  3 kobold demonologists
  55 yaktaurs
  4 hellwings
  An efreet (Zot:2)
  6 freezing wraiths
  An ice devil (Depths:5)
  A troll (shapeshifter) (Depths:2)
  A jumping spider (shapeshifter) (Depths:3)
  A tengu conjurer (Depths:5)
  6 meliai
  4 red devils
  A polar bear (Lair:6)
  6 trolls
  A two-headed ogre (shapeshifter) (D:15)
  17 hornets
  24 two-headed ogres
  Prince Ribbit (D:9)
  13 blink frogs
  A meliai (shapeshifter) (Depths:2)
  35 slime creatures
  A raiju (shapeshifter) (D:12)
  8 tyrant leeches
  9 bog bodies
  7 hippogriffs
  A redback (shapeshifter) (Depths:5)
  A tarantella (shapeshifter) (D:14)
  3 alligator skeletons (Volcano)
  2 flying skulls (Volcano)
  3 air elementals (Depths:4)
  A vampire (D:14)
  7 water elementals
  3 wraiths
  3 wyverns
  A basilisk (Lair:6)
  5 redbacks
  A human (D:6)
  2 ynoxinuls
  4 fire bats (Swamp:4)
  A hog (shapeshifter) (Vaults:3)
  A basilisk (shapeshifter) (D:14)
  18 fire elementals
  A neqoxec (D:1)
  47 yaks
  28 vampire mosquitoes
  2 hungry ghosts
  2 chaos spawn
  4 steam dragons (Swamp:4)
  Menkaure (D:6)
  7 mottled dragons
  18 swamp worms
  A yaktaur simulacrum (Vaults:1)
  7 wargs
  66 nagas
  Edmund (D:5)
  2 hell hounds (Snake:3)
  16 water moccasins
  4 porcupines
  A floating eye (shapeshifter) (Depths:2)
  7 swamp drakes
  A hornet zombie (D:7)
  33 orc warriors
  5 sky beasts
  10 black bears
  3 phantoms
  2 eyes of draining (D:14)
  3 ice beasts
  An eye of draining (shapeshifter) (Vaults:3)
  A black bear (shapeshifter) (D:13)
  5 boggarts
  54 ogres
  21 wolves
  An ogre (shapeshifter) (Depths:2)
  21 centaurs
  17 crocodiles
  4 big kobolds
  22 bullfrogs
  An earth elemental (Lab)
  A gnoll sergeant (D:8)
  5 scorpions
  A water moccasin skeleton (D:7)
  17 killer bees
  A spriggan skeleton (Volcano)
  10 wights
  4 howler monkeys
  9 crimson imps
  3 centaur zombies
  A lava snake (Snake:3)
  2 quasits
  8 hounds
  22 orc priests
  3 iron imps
  11 jellies
  4 bullfrog skeletons
  An iguana (shapeshifter) (Vaults:5)
  8 iguanas
  23 orc wizards
  10 worker ants
  A killer bee zombie (D:9)
  A naga skeleton (Volcano)
  2 worker ant zombies
  2 howler monkey zombies
  12 gnolls
  A gnoll (shapeshifter) (Vaults:5)
  A howler monkey skeleton (D:4)
  17 adders
  8 shadow imps
  4 white imps
  An ufetubus (Depths:4)
  11 oozes
  3 adder skeletons
  An adder zombie (D:5)
  A worm (D:2)
  A dart slug (D:1)
  4 leopard geckos
  100 orcs
  2 ball pythons
  5 bats
  5 giant cockroaches
  7 goblins
  7 hobgoblins
  15 jackals
  7 quokkas
  7 frilled lizards
  A goblin zombie (D:6)
  A jackal skeleton (D:6)
  12 kobolds
  A kobold skeleton (D:6)
  A quokka skeleton (D:8)
  8 rats
  7 crawling corpses (Vaults:5)
  A fungus (Orc:2)
  6 plants
2156 creatures vanquished.

Vanquished Creatures (collateral kills)
  An ancient lich (Vaults:4)
  A curse toe (Zot:5)
  A quicksilver dragon (Zot:5)
  A storm dragon (Zot:5)
  A red draconian (Zot:5)
  A yellow draconian (Zot:5)
  A deep elf death mage (Vaults:4)
  The ghost of turnburgler the Basher, a journeyman OpTm of Dithmenos (Lair:1)
  A deep troll shaman (Lair:6)
  A deep troll (Vaults:4)
  2 ironbrand convokers (Vaults:4)
  4 oklob plants (Lair:6)
  A goblin (D:1)
  A kobold (D:1)
  A rat (D:1)
19 creatures vanquished.

Vanquished Creatures (others)
  A deep elf master archer (Depths:2)
  A death cob (Zot:3)
  A tengu reaver (Vaults:5)
  A vault warden (Vaults:2)
  A draconian shifter (Zot:3)
  3 stone giants
  A yaktaur captain (Vaults:4)
  A vampire mage (Depths:5)
  A naga sharpshooter (Snake:3)
  A deep troll (Depths:4)
  An unseen horror (D:12)
  A swamp dragon (Swamp:4)
  A lindwurm (Swamp:4)
  A deep elf mage (Vaults:3)
  9 yaktaurs
  A flying skull (Volcano)
  A steam dragon (Swamp:4)
  A swamp worm (Swamp:4)
  A swamp drake (Swamp:4)
  An ogre (Depths:3)
  A centaur (D:10)
  15 fungi
  7 plants
53 creatures vanquished.

Grand Total: 2228 creatures vanquished

Notes
Turn   | Place    | Note
-------+----------+-------------------------------------------
     0 | D:1      | GordonOverkill the Minotaur Summoner began the quest for the Orb.
     0 | D:1      | Reached XP level 1. HP: 14/14 MP: 1/1
   176 | D:1      | Reached skill level 1 in Armour
   180 | D:1      | Reached skill level 1 in Fighting
   196 | D:1      | Reached XP level 2. HP: 22/23 MP: 0/3
  1273 | D:2      | Found a bloodstained altar of Trog.
  1277 | D:2      | Reached XP level 3. HP: 29/29 MP: 4/4
  1291 | D:2      | Became a worshipper of Trog the Wrathful
  2377 | D:2      | Reached XP level 4. HP: 37/37 MP: 5/5
  2964 | D:3      | Reached XP level 5. HP: 38/46 MP: 6/6
  3070 | D:3      | Found a white marble altar of Elyvilon.
  3094 | D:3      | Reached * piety under Trog
  3810 | D:3      | Reached skill level 1 in Axes
  3817 | D:3      | Reached XP level 6. HP: 50/53 MP: 7/7
  3918 | D:3      | Reached skill level 5 in Armour
  4780 | D:4      | Reached skill level 5 in Fighting
  4985 | D:4      | Reached XP level 7. HP: 60/61 MP: 8/8
  5274 | D:4      | Reached ** piety under Trog
  5489 | D:4      | Found Heimussi's Antique Weapon Shop.
  5694 | D:5      | Entered Level 5 of the Dungeon
  5969 | D:5      | Noticed Edmund
  5974 | D:5      | Killed Edmund
  5974 | D:5      | Reached skill level 1 in Shields
  6064 | D:5      | Found a staircase to the Ecumenical Temple.
  6221 | D:5      | Reached skill level 5 in Axes
  6704 | D:6      | Found a runed door.
  6704 | D:6      | Noticed a human
  6709 | D:6      | Reached XP level 8. HP: 70/70 MP: 9/9
  6710 | D:6      | Found a basalt altar of Yredelemnul.
  7712 | D:6      | Noticed Menkaure
  7719 | D:6      | Killed Menkaure
  8092 | D:6      | Found an ancient bone altar of Kikubaaqudgha.
  8162 | D:6      | Found a stormy altar of Qazlal.
  8264 | D:6      | Reached XP level 9. HP: 79/79 MP: 10/10
  8579 | D:7      | Noticed a red ugly thing
  8593 | D:7      | Killed a red ugly thing
  8804 | D:7      | Reached skill level 10 in Axes
  9084 | D:7      | Reached *** piety under Trog
  9343 | D:7      | Reached XP level 10. HP: 82/90 MP: 11/11
  9713 | D:8      | Found a bloodstained altar of Trog.
  9994 | D:8      | Found Omesusk's Gadget Emporium.
 10130 | D:8      | Reached **** piety under Trog
 10791 | D:9      | Received a gift from Trog
 10913 | D:9      | Found a staircase to the Lair.
 11050 | D:9      | Noticed a cyclops
 11060 | D:9      | Killed a cyclops
 11060 | D:9      | Reached skill level 10 in Armour
 11177 | D:9      | Noticed Prince Ribbit
 11197 | D:9      | Killed Prince Ribbit
 11633 | D:9      | Reached skill level 10 in Fighting
 12243 | D:10     | Entered Level 10 of the Dungeon
 12313 | D:10     | Reached XP level 11. HP: 100/100 MP: 12/12
 12984 | D:10     | Noticed Harold
 12998 | D:10     | Killed Harold
 12998 | D:10     | Reached ***** piety under Trog
 13084 | D:10     | Got an ebony falchion
 13085 | D:10     | Identified the +3 falchion "Neyngi Keuru" {slice, +Fly Str+4 Dex+3} (You found it on level 10 of the Dungeon)
 13426 | D:11     | Noticed Urug
 13442 | D:11     | Killed Urug
 13744 | Lair:1   | Entered Level 1 of the Lair of Beasts
 14554 | Lair:1   | Noticed turnburgler's ghost (journeyman OpTm)
 14979 | Lair:2   | Found a staircase to the Snake Pit.
 15003 | Lair:2   | Found a dark tunnel.
 15008 | Volcano  | Entered a volcano
 15083 | Volcano  | Reached skill level 5 in Dodging
 15199 | Volcano  | Noticed a skeletal warrior
 15218 | Volcano  | Killed a skeletal warrior
 15669 | Volcano  | Noticed a skeletal warrior
 15695 | Volcano  | Killed a skeletal warrior
 15695 | Volcano  | Reached XP level 12. HP: 61/110 MP: 13/13
 16637 | Lair:2   | Found a staircase to the Swamp.
 17327 | Lair:3   | Got an ancient amber ring
 17329 | Lair:3   | Identified the ring of the Tormentor {rElec EV+3 Dex+4 Stlth+} (You found it on level 3 of the Lair of Beasts)
 17352 | Lair:3   | Noticed CALLOUS's ghost (journeyman OpTm)
 17370 | Lair:3   | Killed CALLOUS's ghost
 17370 | Lair:3   | Reached skill level 15 in Axes
 17905 | Lair:3   | You fall through a shaft!
 18388 | Lair:4   | Found a bloodstained altar of Trog.
 18391 | Lair:4   | Noticed a seven-headed hydra
 18415 | Lair:4   | Killed a five-headed hydra
 20250 | Lair:1   | Killed turnburgler's ghost
 20250 | Lair:1   | Reached XP level 13. HP: 89/119 MP: 14/14
 20571 | Lair:1   | Received a gift from Trog
 20593 | Lair:1   | Got an ancient battleaxe {god gift}
 20594 | Lair:1   | Identified the +5 battleaxe "Ilaid" {flame, MR- Str+9 Dex+2} (Trog gifted it to you on level 1 of the Lair of Beasts)
 21787 | Lair:6   | Entered Level 6 of the Lair of Beasts
 21880 | Lair:6   | Found a staircase to the Slime Pits.
 22218 | Lair:6   | Found a viscous altar of Jiyva.
 22354 | Lair:6   | Received a gift from Trog
 22700 | Lair:6   | Reached skill level 10 in Dodging
 22789 | Lair:6   | Reached XP level 14. HP: 122/130 MP: 15/15
 26450 | D:12     | Found a runed door.
 26580 | D:12     | Found a roughly hewn altar of Beogh.
 26595 | D:12     | Found a staircase to the Orcish Mines.
 27158 | Orc:1    | Entered Level 1 of the Orcish Mines
 27161 | Orc:1    | Noticed Chifra's ghost (journeyman MiFi)
 27189 | Orc:1    | Killed Chifra's ghost
 27403 | Orc:2    | Entered Level 2 of the Orcish Mines
 27403 | Orc:2    | Found Ygapuwn's Magic Scroll Shoppe.
 27404 | Orc:2    | Found Caneumuk's Antique Weapon Shoppe.
 27455 | Orc:1    | Received a gift from Trog
 27959 | Orc:2    | Found Nupteja's Magic Scroll Boutique.
 27963 | Orc:2    | Bought a scroll of fear for 52 gold pieces
 27963 | Orc:2    | Bought a scroll of blinking for 112 gold pieces
 27963 | Orc:2    | Bought a scroll of enchant weapon for 112 gold pieces
 27968 | Orc:2    | Found Nyosaij's Food Shoppe.
 28056 | Orc:2    | Reached skill level 15 in Fighting
 28056 | Orc:2    | Reached XP level 15. HP: 141/141 MP: 16/16
 28385 | Orc:2    | Noticed an orc warlord
 28395 | Orc:2    | Killed an orc warlord
 28502 | Orc:2    | Found Moasaonom's General Store.
 28551 | Orc:2    | Bought a potion of cure mutation for 350 gold pieces
 28554 | Orc:2    | Found a staircase to the Elven Halls.
 28616 | Orc:2    | Found Jothriev's Jewellery Boutique.
 28625 | Orc:2    | Bought a +4 ring of slaying for 858 gold pieces
 28654 | Orc:2    | Found Dacveg's Antique Armour Boutique.
 28723 | Orc:2    | Bought a scroll of enchant weapon for 97 gold pieces
 28723 | Orc:2    | Bought a scroll of enchant armour for 97 gold pieces
 29430 | D:13     | Found a labyrinth entrance.
 29435 | Lab      | Entered a labyrinth
 29770 | D:13     | Identified a scroll of acquirement
 29786 | D:13     | Found Rutuajalo's Assorted Antiques.
 29795 | D:13     | Bought a potion of cure mutation for 500 gold pieces
 29914 | D:13     | Reached ****** piety under Trog
 30271 | D:13     | Received a gift from Trog
 30645 | D:14     | Received a gift from Trog
 31143 | D:14     | Found a gate to the Vaults.
 31493 | D:15     | Entered Level 15 of the Dungeon
 31588 | D:15     | Found a hide-covered altar of Uskayaw.
 31596 | D:15     | Found Ylyel's General Store.
 32318 | D:15     | Noticed Louise
 32338 | D:15     | Killed Louise
 32338 | D:15     | Received a gift from Trog
 32835 | D:15     | Reached XP level 16. HP: 151/151 MP: 17/17
 32979 | D:15     | Found a staircase to the Depths.
 33602 | Swamp:1  | Entered Level 1 of the Swamp
 34542 | Swamp:1  | Noticed Roxanne
 34554 | Swamp:1  | Killed Roxanne
 35877 | Swamp:2  | Received a gift from Trog
 35946 | Swamp:2  | Noticed a thorn hunter
 35959 | Swamp:2  | Killed a thorn hunter
 37384 | Swamp:3  | Noticed a thorn hunter
 37392 | Swamp:3  | Killed a thorn hunter
 37691 | Swamp:4  | Entered Level 4 of the Swamp
 37732 | Swamp:4  | Noticed a thorn hunter
 37747 | Swamp:4  | Killed a thorn hunter
 38125 | Swamp:4  | Received a gift from Trog
 38134 | Swamp:3  | Reached XP level 17. HP: 75/161 MP: 18/18
 39159 | Swamp:4  | Received a gift from Trog
 40116 | Swamp:4  | Got a decaying rune of Zot
 40274 | Snake:1  | Entered Level 1 of the Snake Pit
 40302 | Snake:1  | Got a steaming chain mail
 40303 | Snake:1  | Identified the +1 chain mail "Silolo" {Dex+3} (You found it on level 1 of the Snake Pit)
 41668 | Snake:2  | Noticed Aizul
 41680 | Snake:2  | Killed Aizul
 41838 | Snake:2  | Received a gift from Trog
 42937 | Snake:3  | Received a gift from Trog
 43348 | Snake:3  | Reached XP level 18. HP: 127/172 MP: 19/19
 43724 | Snake:3  | Noticed Azrael
 43730 | Snake:3  | Killed Azrael
 44379 | Snake:4  | Entered Level 4 of the Snake Pit
 44439 | Snake:4  | Found Eroemeeq's Distillery.
 44442 | Snake:4  | Bought a potion of heal wounds for 100 gold pieces
 44442 | Snake:4  | Bought a potion of haste for 200 gold pieces
 44442 | Snake:4  | Bought a potion of haste for 200 gold pieces
 44442 | Snake:4  | Bought a potion of heal wounds for 100 gold pieces
 45211 | Snake:4  | Received a gift from Trog
 45357 | Snake:4  | Noticed Vashnia
 45373 | Snake:4  | Reached skill level 15 in Armour
 45400 | Snake:4  | Killed Vashnia
 45969 | Snake:4  | Reached XP level 19. HP: 182/182 MP: 20/20
 45970 | Snake:4  | Received a gift from Trog
 46166 | Snake:4  | Got a serpentine rune of Zot
 46556 | Vaults:1 | Entered Level 1 of the Vaults
 46758 | Vaults:1 | Received a gift from Trog
 47845 | Vaults:2 | Paralysed by a great orb of eyes for 3 turns
 47988 | Vaults:2 | Received a gift from Trog
 48482 | Vaults:2 | Got a pair of bloodstained gloves
 48483 | Vaults:2 | Identified the +1 pair of gloves "Xelyrhe" {rF+ MR++} (You found it on level 2 of the Vaults)
 48599 | Vaults:2 | Found Nogrun's Magic Scroll Shoppe.
 48604 | Vaults:2 | Bought 2 scrolls of teleportation for 96 gold pieces
 48786 | Vaults:2 | Found a staircase to the Crypt.
 48786 | Vaults:2 | Found an ancient bone altar of Kikubaaqudgha.
 48787 | Vaults:2 | Found a basalt altar of Yredelemnul.
 48909 | Vaults:2 | Received a gift from Trog
 48919 | Vaults:2 | Got a faintly glowing executioner's axe {god gift}
 48920 | Vaults:2 | Identified the +3 executioner's axe "Dragonbane" {chop, *Contam rElec Str+5} (Trog gifted it to you on level 2 of the Vaults)
 48995 | Vaults:2 | Reached XP level 20. HP: 199/199 MP: 21/21
 49241 | Vaults:3 | Found a flickering gateway to a bazaar.
 49289 | Vaults:3 | Noticed nano's ghost (adept SpEn)
 49295 | Vaults:3 | Noticed Frederick
 49310 | Vaults:3 | Killed nano's ghost
 49314 | Vaults:3 | Killed Frederick
 49705 | Vaults:3 | Received a gift from Trog
 50207 | Bazaar   | Entered a bazaar
 50208 | Bazaar   | Found Moruup's Book Shoppe.
 50217 | Bazaar   | Found Masygg's Weapon Boutique.
 50217 | Bazaar   | Found Mahiomn's Antique Weapon Boutique.
 50228 | Bazaar   | Found Nuetant's Weapon Emporium.
 50800 | Vaults:4 | Received a gift from Trog
 50863 | Vaults:4 | Reached skill level 5 in Shields
 51644 | Vaults:5 | Entered Level 5 of the Vaults
 51654 | Vaults:4 | Reached XP level 21. HP: 214/214 MP: 22/22
 51738 | Vaults:4 | Received a gift from Trog
 51816 | Vaults:4 | Reached skill level 10 in Shields
 51879 | Vaults:5 | Noticed a golden dragon
 51926 | Vaults:5 | Killed a golden dragon
 51926 | Vaults:5 | Reached skill level 15 in Dodging
 52303 | Vaults:5 | Noticed an ancient lich
 52309 | Vaults:5 | Noticed a golden dragon
 52360 | Vaults:5 | Killed an ancient lich
 52365 | Vaults:5 | Killed a golden dragon
 52367 | Vaults:5 | Received a gift from Trog
 52386 | Vaults:5 | Noticed an ancient lich
 52406 | Vaults:4 | Killed an ancient lich
 52796 | Vaults:5 | Got a steaming turquoise ring
 52839 | Vaults:5 | Identified the ring of Saompol {rN+ Int+2} (You took it off a deep elf high priest on level 5 of the Vaults)
 52866 | Vaults:5 | Reached XP level 22. HP: 218/222 MP: 23/23
 52911 | Vaults:5 | Received a gift from Trog
 52931 | Vaults:5 | Got a silver rune of Zot
 52939 | Vaults:5 | Reached skill level 15 in Shields
 53444 | Vaults:5 | Found Xoyjahou's Antique Weapon Boutique.
 53827 | Vaults:5 | Identified Zirepp's Volume of Noxious Shape Shifting
 54263 | Depths:1 | Entered Level 1 of the Depths
 54301 | Depths:1 | Found a gateway to a ziggurat.
 54955 | Depths:1 | Found a gateway to Hell.
 55267 | Depths:1 | Received a gift from Trog
 55404 | Depths:1 | Found a one-way gate to the infinite horrors of the Abyss.
 55414 | Depths:1 | Noticed the Enchantress
 55414 | Depths:1 | Noticed Sojobo
 55444 | Depths:1 | Killed Sojobo
 55447 | Depths:1 | Killed the Enchantress
 55455 | Depths:1 | Received a gift from Trog
 55604 | Depths:1 | Found a basalt altar of Yredelemnul.
 55948 | Depths:2 | Received a gift from Trog
 55948 | Depths:2 | Reached XP level 23. HP: 199/229 MP: 7/24
 57550 | Depths:3 | Received a gift from Trog
 57847 | Depths:3 | Found a one-way gate leading to the halls of Pandemonium.
 58256 | Depths:4 | Received a gift from Trog
 58820 | D:15     | Bought a +6 amulet of reflection for 400 gold pieces
 59194 | Depths:4 | Reached XP level 24. HP: 238/238 MP: 24/24
 59649 | Depths:4 | Received a gift from Trog
 59653 | Depths:5 | Entered Level 5 of the Depths
 59949 | Depths:5 | Found a gate to the Realm of Zot.
 60476 | Depths:5 | Received a gift from Trog
 60604 | Depths:5 | Received a gift from Trog
 60638 | Depths:5 | Found a deep blue altar of Sif Muna.
 60715 | Depths:5 | Noticed a juggernaut
 60922 | Depths:5 | Got a translucent zirconium amulet
 61399 | Zot:1    | Entered Level 1 of the Realm of Zot
 61852 | Zot:2    | Noticed an orb of fire
 61869 | Zot:2    | Killed an orb of fire
 61881 | Zot:2    | Received a gift from Trog
 62089 | Zot:4    | Noticed an orb of fire
 62477 | Zot:4    | Gained mutation: You tend to lose your temper in combat. [an orb of fire]
 62480 | Zot:4    | Gained mutation: Your flesh is cold resistant. (rC+) [an orb of fire]
 62488 | Zot:4    | Gained mutation: Your mind is acute. (Int +2) [an orb of fire]
 62493 | Zot:4    | Killed an orb of fire
 62573 | Zot:4    | Lost mutation: You tend to lose your temper in combat. [potion of cure mutation]
 62573 | Zot:4    | Lost mutation: Your mind is acute. (Int +2) [potion of cure mutation]
 62595 | Zot:4    | Reached skill level 27 in Shields
 62729 | Zot:5    | Entered Level 5 of the Realm of Zot
 62744 | Zot:5    | Reached XP level 25. HP: 200/246 MP: 24/24
 62916 | Zot:5    | Identified the amulet of Gitsaotu {RegenMP rF+ Dex+5} (You took it off a vampire mage on level 5 of the Depths)
 63333 | Zot:5    | Noticed an orb of fire
 63343 | Zot:5    | Killed an orb of fire
 63542 | Zot:5    | Noticed an orb of fire
 63554 | Zot:5    | Killed an orb of fire
 63608 | Zot:5    | Noticed an orb of fire
 63611 | Zot:5    | Gained mutation: You are frail. (-10% HP) [an orb of fire]
 63624 | Zot:5    | Killed an orb of fire
 63965 | Zot:5    | Reached skill level 27 in Fighting
 64070 | Zot:5    | Received a gift from Trog
 64119 | Zot:5    | Got the Orb of Zot
 64365 | Zot:2    | Reached XP level 26. HP: 207/239 MP: 24/24
 64518 | Depths:1 | Noticed Camesud the pandemonium lord
 64841 | D:8      | Noticed Mideix the pandemonium lord
 64861 | D:8      | Killed Mideix the pandemonium lord
 65149 | D:$      | Escaped with the Orb!

Skill      XL: |  1  2  3  4  5  6  7  8  9 10 11 12 13 14 15 16 17 18 19 20 21 22 23 24 25 26 |
---------------+-------------------------------------------------------------------------------+-----
Armour         | 1 2 3 4 5 6 7 9 10 11 12 14 15 16 17 18 | 18.7
Fighting       | 1 2 3 4 5 7 8 10 11 12 13 15 16 17 18 19 21 24 27 | 27.0
Axes           | 1 3 5 8 10 12 14 16 18 19 21 22 24 25 26 | 26.0
Shields        | 3 4 8 14 20 23 27 | 27.0
Dodging        | 5 8 10 11 13 14 16 | 16.0
Stealth        | |  1.5
Spellcasting   | |  1.3
Summonings     | |  2.9

Action                   |  1- 3 |  4- 6 |  7- 9 | 10-12 | 13-15 | 16-18 | 19-21 | 22-24 | 25-27 || total
-------------------------+-------+-------+-------+-------+-------+-------+-------+-------+-------++-------
Melee: Unarmed           |    21 |       |       |       |       |       |       |       |       ||    21
       Headbutt          |    17 |    45 |    56 |   174 |   222 |   313 |   268 |   449 |   158 ||  1702
       Short sword       |    28 |       |       |       |       |       |       |       |       ||    28
       Dagger            |   111 |   140 |       |       |       |       |       |       |       ||   251
       Hand axe          |       |   121 |     6 |       |       |       |       |       |       ||   127
       War axe           |       |       |   335 |   860 |    54 |    75 |       |       |       ||  1324
       Falchion          |       |       |       |    28 |       |       |       |       |       ||    28
       Great sword       |       |       |       |     3 |       |       |       |       |       ||     3
       Battleaxe         |       |       |       |       |   281 |       |       |       |       ||   281
       Broad axe         |       |       |       |       |   570 |  1141 |  1074 |  1523 |   462 ||  4770
Throw: Stone             |     3 |    14 |       |       |       |       |       |       |       ||    17
 Cast: Summon Small Mamm |     7 |       |       |       |       |       |       |       |       ||     7
Invok: Burn Spellbooks   |     1 |       |     1 |     2 |     4 |     2 |     3 |    10 |       ||    23
       Berserk           |       |     1 |    11 |    30 |    27 |    12 |    13 |    11 |     4 ||   109
       Trog's Hand       |       |       |       |     2 |       |     1 |     7 |     3 |     5 ||    18
       Brothers in Arms  |       |       |       |     2 |     3 |       |     1 |       |     1 ||     7
Evoke: Wand              |       |       |       |     2 |     5 |       |     1 |     1 |       ||     9
  Use: Scroll            |       |     9 |     2 |    21 |    11 |    15 |    11 |     9 |    11 ||    89
       Potion            |       |       |       |     5 |       |     1 |       |     3 |     5 ||    14
 Stab: Sleeping          |     2 |       |       |       |       |       |       |       |       ||     2
       Distracted        |       |       |     1 |       |       |       |     3 |     2 |       ||     6
  Eat: Chunk             |     5 |     8 |    22 |    31 |    33 |    20 |    31 |    20 |     2 ||   172
       Pizza             |       |       |     2 |     1 |     1 |       |       |       |       ||     4
       Fruit             |       |       |     1 |       |       |    21 |       |       |       ||    22
       Beef jerky        |       |       |     1 |     7 |       |     1 |     1 |     7 |       ||    17
       Meat ration       |       |       |       |     5 |     6 |     4 |     3 |     5 |     1 ||    24
       Royal jelly       |       |       |       |       |     1 |       |       |       |       ||     1
Armor: Robe              |     9 |       |       |       |       |       |       |       |       ||     9
       Ring mail         |    18 |       |       |       |       |       |       |       |       ||    18
       Scale mail        |    25 |   100 |       |       |       |       |       |       |       ||   125
       Chain mail        |       |     9 |   184 |   340 |   117 |       |       |       |       ||   650
       Plate armour      |       |       |       |       |   107 |   472 |   356 |   265 |     2 ||  1202
       Gold dragon scale |       |       |       |       |       |       |       |       |   127 ||   127
Dodge: Dodged            |    67 |   124 |   114 |   310 |   396 |   653 |   536 |   425 |   102 ||  2727
Block: Other             |       |     1 |    17 |    13 |    35 |       |       |       |       ||    66
       Buckler           |       |       |    85 |   251 |   187 |   555 |   444 |    58 |       ||  1580
       Reflection        |       |       |     1 |    15 |     6 |    51 |    59 |    81 |       ||   213
       Large shield      |       |       |       |       |       |       |       |  1314 |   401 ||  1715
       Rpst.: Falchion   |       |       |       |     2 |       |       |       |       |       ||     2
